 Dungeon Crawl Stone Soup version 0.31-a0-1522-g43313d8a59 (webtiles) character file.

Game seed: 15924311921041041039

51 lcaldwell the Ruffian (level 3, -2/4 HPs)
             Began as a Draconian Shapeshifter on Dec 30, 2023.
             Was an Initiate of Wu Jian.
             Slain by an orc
             ... wielding a +0 mace
              (6 damage)
             ... on level 3 of the Dungeon.
             The game lasted 00:11:05 (3118 turns).

lcaldwell the Ruffian (Draconian Shapeshifter)      Turns: 3118, Time: 00:11:06

Health: -2/4       AC:  2    Str: 23 (26) XL:     3   Next: 58%
Magic:  2/2        EV:  7    Int:  8 (10) God:    Wu Jian [......]
Gold:   96         SH:  0    Dex:  9 (12) Spells: 2/2 levels left

rFire   + +          .
                       - Unarmed
rCold   x . .        (shield currently unavailable)
rNeg    . . .        (body armour unavailable)
rPois   +            (helmet currently unavailable)
rElec   .            (cloak currently unavailable)
rCorr   .            (gloves currently unavailable)
SInv    .            (boots currently unavailable)
Will    .....        (no amulet)
Stlth   +            (no ring)
HPRegen 0.20/turn    (no ring)
MPRegen 0.08/turn

%: no passive effects
@: dragon-form, flying
A: dragon claw, dragon scales, breathe fire, flying, reduced hp, AC +5, giant,
unfitting armour, (cold-blooded), low MP 1, passive freeze, wild magic 1
a: Breathe Fire, Begin Untransformation, Renounce Religion


You were on level 3 of the Dungeon.
You worshipped Wu Jian.
Wu Jian was noncommittal.
You were a fearsome fire dragon!
You visited 1 branch of the dungeon, and saw 3 of its levels.

You collected 96 gold pieces.

Inventory:

Missiles
 j - a throwing net
Talismans
 b - a beast talisman
 c - a flux talisman
 f - a dragon-blood talisman (active)
Wands
 h - a wand of mindburst (14)
Scrolls
 e - 3 scrolls of teleportation {unknown}
 i - a scroll of enchant armour
 k - a scroll of poison {unknown}
Potions
 a - a potion of lignification
 d - a potion of enlightenment
 g - a potion of haste


   Skills:
 + Level 1.1 Fighting
 + Level 2.1 Dodging
 + Level 0.1 Stealth
 + Level 4.0 Unarmed Combat
 + Level 3.4 Shapeshifting


You had 2 spell levels left.
You didn't know any spells.
Your spell library contained the following spells:

 Spells                   Type           Power      Damage    Failure   Level
 Magic Dart               Conj           0%         1d3       50%         1
 Blink                    Tloc           0%         N/A       63%         2
 Call Imp                 Summ           0%         N/A       63%         2
 Ozocubu's Armour         Ice            0%         N/A       85%         3
 Metabolic Englaciation   Hex/Ice        0%         N/A       100%        5
 Sculpt Simulacrum        Ice/Alch       0%         N/A       100%        6


Dungeon Overview and Level Annotations

Branches:
Dungeon (3/15)

Altars:
Wu Jian

Shops:
D:2 =


Innate Abilities, Weirdness & Mutations

You are a fearsome fire dragon!
You have a powerful clawing attack.
Your giant scaled body is strong and resilient, but less evasive.
You can breathe fire.
You are flying.
Your maximum health is decreased, since you lack skill for your form.
Your armour is entirely melded.
You are incapable of wielding weapons or throwing items.
Your plain brown scales are hard. (AC +5)
You cannot fit into any form of body armour.
((You are cold-blooded and may be slowed by cold attacks.))
Your magical capacity is low. (-10% MP)
A frigid envelope surrounds you and freezes all who hurt you.
Your spells are a little harder to cast, but a little more powerful.


Message History

You see here a +0 robe.
You reach down and open the door.
Found a stone staircase leading down.
There is an open door here.
There is a stone staircase leading down here.
There is an open door here.
You reach down and open the door.
There is an open door here.
There is an open door here.
You reach down and open the door.
There is an open door here.
Found an ornate altar of the Wu Jian Council.
Found a scroll labelled RATWAJ DILU.
There is an ornate altar of the Wu Jian Council here.
You bow your head before the altar of Wu Jian.
The Council welcomes you!
You can now perform damaging attacks by moving towards foes.
k - a scroll labelled RATWAJ DILU
There is an ornate altar of the Wu Jian Council here.
An orc comes into view. It is wielding a +0 hand axe.
The orc shouts!
You hear a shout!
An orc comes into view. It is wielding a +0 hand axe.
An orc comes into view. It is wielding a +0 mace.
The orc moves out of view.
An orc comes into view. It is wielding a +0 short sword.
The orc shouts!
You claw the orc!
You kill the orc!
The Council accepts your kill.
You hit the orc.
The orc is almost dead.
The orc hits you with a +0 hand axe.
The orc is very cold.
You kill the orc!
The Council accepts your kill.
Your Unarmed Combat skill increases to level 4!
You lunge at the orc.
You hit the orc.
The orc is moderately wounded.
The orc hits you with a +0 mace.
Ouch! That really hurt!
You die...

.#.### #.....#
#.# ...# #⌠#.#⌠#
#.# ####
###.#### ###.###
#....#.###.....#
#.......##.#.#.#
#.##.##..#.#.#.#
#.....##.#.#.# .
#####..##.....#
##
#..oD..##...#..#
#..o##.##...#..#
#... .##...#....
#... .##...#
##.. #...
.####.# ..# #...
.# #.# .# ~...
.# #.# P~♣## ##


You could see 2 orcs.

Vanquished Creatures
  2 adders
  3 dart slugs
  2 orcs (D:3)
  2 endoplasms (D:2)
  2 goblins (D:2)
  3 hobgoblins
  3 ball pythons
  A bat (D:2)
  2 frilled lizards (D:2)
  4 kobolds
  3 rats (D:2)
27 creatures vanquished.

Notes
Turn   | Place    | Note
-------+----------+-------------------------------------------
     0 | D:1      | lcaldwell the Draconian Shapeshifter began the quest for
                  | the Orb.
     0 | D:1      | Reached XP level 1. HP: 16/16 MP: 1/1
   789 | D:1      | Gained mutation: Your body sometimes deteriorates upon
                  | taking damage. [potion of mutation]
   789 | D:1      | Gained mutation: You have a pair of small horns on your
                  | head. [potion of mutation]
   789 | D:1      | Gained mutation: Your magical capacity is low. (-10% MP)
                  | [potion of mutation]
   789 | D:1      | Gained mutation: A frigid envelope surrounds you and
                  | freezes all who hurt you. [potion of mutation]
  2063 | D:2      | Found Qyrr's Jewellery Boutique.
  2073 | D:2      | Reached XP level 2. HP: 20/23 MP: 1/1
  2124 | D:2      | Lost mutation: Your body sometimes deteriorates upon taking
                  | damage. [potion of mutation]
  2124 | D:2      | Lost mutation: You have a pair of small horns on your head.
                  | [potion of mutation]
  2124 | D:2      | Gained mutation: Your spells are a little harder to cast,
                  | but a little more powerful. [potion of mutation]
  2309 | D:2      | Reached XP level 3. HP: 28/28 MP: 2/2
  3093 | D:3      | Found an ornate altar of the Wu Jian Council.
  3100 | D:3      | Became a worshipper of the Wu Jian Council
  3118 | D:3      | Reached skill level 4 in Unarmed Combat
  3118 | D:3      | Slain by an orc

Illustrated notes

Levels and vault maps discovered:
D:1:      roderic_chinese_lattice_arrival, layout_basic
D:2:      layout_loops_ring, serial_shops, shop
D:3:      layout_basic, mainiacjoe_overflow_alcove_2, serial_bayou,
          serial_bayou_crossing, serial_bayou_pond_e, serial_bayou_ford_a,
          serial_bayou_shore_b, hellmonk_ecumenical_altar_inner_sanctum,
          minmay_joined_circles

Skill      XL: |  1  2  3 |
---------------+----------+-----
Dodging        | 2 |  2.1
Unarmed Combat | 4 |  4.0
Fighting       | |  1.1
Stealth        | |  0.1
Shapeshifting  | |  3.4

Action                     || total
---------------------------++-------
  Melee: Unarmed           ||    42
         Tailslap          ||     5
         Headbutt          ||     2
Ability: Lunge             ||     1
    Use: Potion            ||     5
         Scroll            ||     3
 Armour: Skin              ||    26
  Dodge: Dodged            ||    25
   Form: Beast             ||     1
         Dragon            ||     1

Table legend: (Time is in decaauts)
 A = Elapsed time spent in this place.
 B = Non-inter-level travel time spent in this place.
 C = Inter-level travel time spent in this place.
 D = Time resting spent in this place.
 E = Time spent auto-exploring this place.
 F = Levels seen in this place.
 G = Mean time per level.
                   A        B        C        D        E       F      G
               +--------+--------+--------+--------+--------+-----+--------+
         Total |   3100 |   3100 |      0 |   1244 |    139 |   3 | 1033.3 |
       Dungeon |   3100 |   3100 |      0 |   1244 |    139 |   3 | 1033.3 |
               +--------+--------+--------+--------+--------+-----+--------+

Top non-repeatable levels by time:
     D:1: 2047 daAuts
     D:2: 865 daAuts
     D:3: 187 daAuts
